AoeStats
← tony le gros rou

Arena

505942458Analyzed
3v3 RM · 19d ago on Sep 11, 2026· 27m 43s· 6 players
Game mode
Random Map
Map size
Normal (6 player)
Population
200
Speed
Normal
Resources
Standard
Victory
Conquest
Starting age
Dark Age
Ending age
Imperial Age
RankedLock teamsTeams togetherTeam positionsShared explorationLock speedFull tech treeHidden civsTurbo modeCheats
Victory
Defeat
🇹🇷 Italians · Türkiye
1428
+18
🇹🇷 Japanese · Türkiye
1428
+18
🇹🇷 Burgundians · Türkiye
1387
+20
🇫🇷 Bengalis · France
1603
-23
🇫🇷 Poles · France
1427
-17
🇫🇷 Mongols · France
1409
-16
GPA_PureViolence
9:50 Feudal Age
14:01 Castle Age
13:01 Double-Bit Axe
13:18 Horse Collar
15:52 Loom
20:51 Fletching
23:20 Bodkin Arrow
24:11 Padded Archer Armor
30:18 Imperial Age
GPA_Heimdallr
5:26 Double-Bit Axe
11:57 Feudal Age
10:37 Gold Mining
13:07 Loom
16:14 Castle Age
14:50 Bow Saw
14:28 Horse Collar
15:18 Heavy Plow
16:39 Gold Shaft Mining
20:28 Husbandry
21:05 Stone Mining
22:18 Cavalier
23:15 Scale Barding Armor
24:38 Forging
26:51 Stone Shaft Mining
26:58 Wheelbarrow
26:09 Town Watch
28:00 Two-Man Saw
GPA_PisagorAmca
11:08 Feudal Age
15:16 Castle Age
13:39 Double-Bit Axe
13:56 Horse Collar
14:36 Loom
17:49 Scale Mail Armor
23:06 Bow Saw
tony le gros rou
10:44 Feudal Age
15:59 Castle Age
14:24 Double-Bit Axe
17:19 Horse Collar
24:23 Scale Barding Armor
25:05 Forging
ccereal
10:20 Feudal Age
13:49 Castle Age
12:31 Double-Bit Axe
13:29 Loom
14:42 Bow Saw
19:08 Fletching
Frorok
11:24 Feudal Age
13:27 Double-Bit Axe
15:47 Castle Age
13:39 Horse Collar
15:58 Light Cavalry
17:13 Gold Mining
18:36 Bow Saw
20:07 Wheelbarrow
19:17 Loom
21:52 Sanctity
27:20 Imperial Age
25:04 Fletching
25:25 Elite Skirmisher
26:23 Bodkin Arrow
26:28 Padded Archer Armor
Connection lost

Rejoining the realm…

Still unreachable

The connection could not be restored.

Session expired

The server has moved on; the page needs a fresh start.